[Event "Titled Tuesday Blitz November 15 Early 2022"]
[White "Papayan, Oleg"]
[Black "Pg, Mohd Omar Ak Hira"]
[WhiteFideId "4193911"]
[BlackFideId "10500103"]
[WhiteElo "2153"]
[BlackElo "2184"]
[Result "1-0"]
[Round "06"]
[TimeControl "180+1"]
[Date "2022.11.16"]
[WhiteClock "0:01:32"]
[BlackClock "0:00:01"]

1. e4 c5 2. Nf3 d6 3. c3 Nf6 4. Bd3 Bg4 5. Bc2 Nc6 6. h3 Bh5 7. O-O e5 8. Re1 Be7 9. d3 O-O 10. Nbd2 a6 11. Nf1 b5 12. Ng3 Bg6 13. d4 cxd4 14. cxd4 Rc8 15. d5 Nb4 16. Bb1 a5 17. a3 Na6 18. Bd3 Nc5 19. Bc2 Nh5 20. Nf5 Bxf5 21. exf5 Nf6 22. b4 Na6 23. Bd3 axb4 24. Bxb5 Nc7 25. Bc6 Rb8 26. axb4 Rxb4 27. Ba3 Rf4 28. Nxe5 dxe5 29. d6 Bxd6 30. Qxd6 Qxd6 31. Bxd6 Rc4 32. Bxf8 Rxc6 33. Rac1 Rxc1 34. Rxc1 Ncd5 35. Rc8 h6 36. Bd6+ Kh7 37. Bxe5 h5 38. Bxf6 Nxf6 39. Rf8 1-0


[Site "https://www.chess.com"]

[Event "Titled Tuesday Blitz November 15 Early 2022"]
[White "Paravyan, David"]
[Black "Corrales Jimenez, Fidel"]
[WhiteFideId "4194985"]
[BlackFideId "3506690"]
[WhiteElo "2546"]
[BlackElo "2541"]
[Result "1-0"]
[Round "06"]
[TimeControl "180+1"]
[Date "2022.11.15"]
[WhiteClock "0:01:32"]
[BlackClock "0:00:02"]

1. e4 c5 2. Nf3 Nc6 3. Nc3 e5 4. Bc4 d6 5. d3 Be7 6. a4 Nf6 7. Bg5 O-O 8. Bxf6 Bxf6 9. Nd5 Ne7 10. Nxf6+ gxf6 11. Nh4 Ng6 12. Qh5 Kh8 13. g3 Nxh4 14. Qxh4 Be6 15. O-O Rg8 16. Bxe6 fxe6 17. f4 exf4 18. Rxf4 Rg6 19. Raf1 Kg7 20. Qh5 c4 21. Qb5 Qb6+ 22. Qxb6 axb6 23. e5 Rxa4 24. exd6 Kf7 25. b3 Rb4 26. dxc4 f5 27. Rb1 e5 28. Rxf5+ Ke6 29. d7 1-0


[Site "https://www.chess.com"]

[Event "Titled Tuesday Blitz November 15 Early 2022"]
[White "Parpiev, Isaak"]
[Black "Muminova, Nafisa"]
[WhiteFideId "34281576"]
[BlackFideId "14201526"]
[WhiteElo "2094"]
[BlackElo "2258"]
[Result "1-0"]
[Round "06"]
[TimeControl "180+1"]
[Date "2022.11.16"]
[WhiteClock "0:01:09"]
[BlackClock "0:00:15"]

1. d4 Nf6 2. c4 e6 3. Nc3 Bb4 4. e3 b6 5. a3 Bxc3+ 6. bxc3 Bb7 7. f3 O-O 8. Bd3 d5 9. cxd5 exd5 10. Ne2 c5 11. O-O c4 12. Bc2 Re8 13. Ng3 Nbd7 14. a4 Nf8 15. Re1 h5 16. e4 h4 17. Nf5 dxe4 18. fxe4 Bxe4 19. Bxe4 Nxe4 20. Qg4 g6 21. Nh6+ Kh7 22. Rxe4 f5 23. Rxe8 Qxe8 24. Qxh4 Kg7 25. Bf4 Nd7 26. Re1 Qf7 27. Nxf7 1-0


[Site "https://www.chess.com"]

[Event "Titled Tuesday Blitz November 15 Early 2022"]
[White "Pein, Jonathan"]
[Black "Sargsyan, Anna M."]
[WhiteFideId "417092"]
[BlackFideId "13308130"]
[WhiteElo "2227"]
[BlackElo "2284"]
[Result "0-1"]
[Round "06"]
[TimeControl "180+1"]
[Date "2022.11.16"]
[WhiteClock "0:00:18"]
[BlackClock "0:00:07"]

1. d4 d5 2. Nc3 Nf6 3. Bg5 Bf5 4. f3 c6 5. Qd2 Nbd7 6. e3 Qa5 7. g4 Bg6 8. Nge2 e6 9. Nf4 Bd6 10. h4 h6 11. Nxg6 Bg3+ 12. Kd1 fxg6 13. Bxf6 gxf6 14. f4 g5 15. hxg5 fxg5 16. fxg5 O-O-O 17. gxh6 Rdf8 18. Ne2 Qc7 19. g5 Rfg8 20. Bh3 Rxg5 21. Bxe6 Qd6 22. Bxd7+ Kxd7 23. h7 Rg7 24. Qd3 Bh2 25. Qf5+ Kc7 26. Kd2 Rgxh7 27. Raf1 Kb6 28. c3 Rh3 29. Rf2 R3h5 30. Qf6 Qd7 31. Qf7 Qg4 32. Qf3 Qe6 33. Nf4 Bxf4 34. Rxh5 Bxe3+ 35. Qxe3 Qxe3+ 36. Kxe3 Rxh5 37. Kd3 Rh1 38. Kc2 Ra1 39. Kb3 a5 40. a4 Rd1 41. Kc2 Rh1 42. Kb3 Rh6 43. Rf3 Rh7 44. Re3 Rf7 45. Re2 Rf4 46. Re5 Rf1 47. Kc2 Ra1 48. Kb3 Kc7 49. Re7+ Kb6 50. Re8 Rf1 51. Re3 Rf7 52. c4 Rc7 53. c5+ Ka7 54. Kc3 Rh7 55. b4 axb4+ 56. Kxb4 Rh1 57. Rd3 Rb1+ 58. Ka5 Rb2 59. Rd1 Rc2 60. Rd3 Rc4 61. Rd1 Rc2 62. Kb4 Rc4+ 63. Kb3 Kb8 64. Rd3 Ka7 65. Rd2 Ka6 66. Rd3 Ka5 67. Rd1 Rxa4 68. Kc3 Rc4+ 69. Kd3 Kb5 70. Rb1+ Rb4 71. Ra1 Ra4 72. Rb1+ Ka6 73. Rb6+ Ka7 74. Rb3 Ra6 75. Kc3 b5 76. cxb6+ Rxb6 77. Ra3+ Ra6 78. Kd3 Rxa3+ 0-1


[Site "https://www.chess.com"]

[Event "Titled Tuesday Blitz November 15 Early 2022"]
[White "Perez Gormaz, Matias"]
[Black "Jaskolka, Tomasz"]
[WhiteFideId "3406342"]
[BlackFideId "1170791"]
[WhiteElo "2341"]
[BlackElo "2126"]
[Result "0-1"]
[Round "06"]
[TimeControl "180+1"]
[Date "2022.11.16"]
[WhiteClock "0:00:02"]
[BlackClock "0:00:49"]

1. e4 Nf6 2. e5 Nd5 3. d4 d6 4. Nf3 dxe5 5. Nxe5 c6 6. Be2 Bf5 7. O-O e6 8. c4 Nb6 9. Nc3 N8d7 10. Nf3 Nf6 11. Re1 Be7 12. Be3 O-O 13. Nh4 Bg6 14. Nxg6 hxg6 15. Qb3 Qc7 16. a4 Nbd7 17. a5 b6 18. Bf3 Rfc8 19. g3 bxa5 20. c5 Nd5 21. Nxd5 exd5 22. Bd2 Bf6 23. Bxa5 Qb8 24. Qc3 Qb5 25. Bg4 Qb7 26. Ra4 Bd8 27. Bb4 f5 28. Be2 a5 29. Ba3 Nf6 30. f3 Bc7 31. Kg2 Re8 32. Bd3 Rxe1 33. Qxe1 Qb3 34. Qe6+ Kh7 35. Bxf5 Qxa4 36. Bd3 Qd1 37. Qe3 Re8 0-1


[Site "https://www.chess.com"]

[Event "Titled Tuesday Blitz November 15 Early 2022"]
[White "Petrova, Irina"]
[Black "Dias, Joao Batista"]
[WhiteFideId "14124122"]
[BlackFideId "2108240"]
[WhiteElo "2023"]
[BlackElo "1898"]
[Result "0-1"]
[Round "06"]
[TimeControl "180+1"]
[Date "2022.11.16"]
[WhiteClock "0:00:05"]
[BlackClock "0:00:24"]

1. e4 e5 2. Nf3 Nc6 3. Bb5 d6 4. d4 exd4 5. Nxd4 Bd7 6. Bxc6 Bxc6 7. O-O Nf6 8. Nxc6 bxc6 9. Qf3 Be7 10. Rd1 Nd7 11. Qg3 Bf6 12. Nc3 O-O 13. Ne2 Kh8 14. c3 a5 15. Nd4 c5 16. Nf5 Ne5 17. f4 Ng6 18. e5 Qc8 19. exf6 Qxf5 20. fxg7+ Kxg7 21. b3 a4 22. c4 axb3 23. Bb2+ f6 24. axb3 Rxa1 25. Rxa1 Qc2 26. Bc3 Re8 27. Rf1 Qe2 28. f5 Qe3+ 29. Qxe3 Rxe3 30. fxg6 Rxc3 31. gxh7 Kxh7 32. Rxf6 Rxb3 33. Rf7+ Kg6 34. Rxc7 Kf5 35. Rf7+ Ke6 36. Rf4 Ke5 37. Rg4 Kf5 38. Rh4 Rb2 39. Rh6 Ke5 40. Rh5+ Ke6 41. h4 Rc2 42. Rg5 Rxc4 43. h5 Rh4 44. g4 c4 45. Kg2 c3 46. Rg8 c2 47. Rc8 Rxg4+ 48. Kh3 Rg5 49. Rxc2 Rxh5+ 50. Kg4 Re5 51. Kf4 Re1 52. Rc8 Kd5 53. Kf3 Kd4 54. Rd8 d5 55. Kf2 Re6 56. Ra8 Kd3 57. Ra3+ Kc2 58. Ra2+ Kb3 59. Rd2 Kc4 60. Rc2+ Kd3 61. Ra2 d4 62. Ra3+ Kc2 63. Ra2+ Kb3 64. Re2 Rxe2+ 65. Kxe2 Kc2 0-1


[Site "https://www.chess.com"]

[Event "Titled Tuesday Blitz November 15 Early 2022"]
[White "Piesik, Piotr"]
[Black "Kovalev, Vladislav"]
[WhiteFideId "1136194"]
[BlackFideId "13504398"]
[WhiteElo "2316"]
[BlackElo "2556"]
[Result "1/2-1/2"]
[Round "06"]
[TimeControl "180+1"]
[Date "2022.11.16"]
[WhiteClock "0:00:17"]
[BlackClock "0:00:05"]

1. Nf3 Nf6 2. g3 g6 3. Bg2 Bg7 4. O-O O-O 5. d4 d6 6. Nbd2 Nc6 7. e4 e5 8. dxe5 Nxe5 9. Nxe5 dxe5 10. Qe2 Qe7 11. Nc4 b6 12. Rd1 Ba6 13. Bf1 Rfd8 14. Bg5 h6 15. Bxf6 Bxf6 16. Qf3 Bb7 17. Ne3 c6 18. c3 Kg7 19. h4 h5 20. Bc4 Rxd1+ 21. Rxd1 Rd8 22. Bb3 Bc8 23. Kf1 Rd6 24. Ke1 b5 25. Rxd6 Qxd6 26. Qd1 Be7 27. Qxd6 Bxd6 28. a4 a6 29. axb5 axb5 30. Ke2 Kf6 31. Kf3 Bc5 32. Bc2 Ke7 33. b4 Bb6 34. Bb3 Ba7 35. Ba2 Bd7 36. Bb3 f5 37. Bc2 Kf6 38. Nf1 Bb8 39. Nd2 f4 40. Nb3 Bg4+ 41. Kg2 Be2 42. Na5 Bc7 43. Nxc6 Bb6 44. Na5 g5 45. hxg5+ Kxg5 46. Nb3 f3+ 47. Kg1 h4 48. gxh4+ Kxh4 49. Nc5 Kg5 50. Nd7 Bc7 51. Nc5 Kf6 52. Bd3 Bb6 53. Bxe2 fxe2 54. Nd3 Kg5 55. Kg2 Kg4 56. f3+ Kg5 57. Kg3 Be3 58. Kg2 Kh4 59. Ne1 Bd2 60. Kf2 Bxc3 61. Nd3 e1=Q+ 62. Nxe1 Bxb4 63. Nd3 Bc3 64. f4 exf4 65. Nxf4 b4 66. Nd3 b3 67. Ke2 Kg4 68. Kd1 Kf3 69. e5 Ke3 70. Nc5 b2 71. Kc2 Bxe5 72. Na4 Ke4 73. Nxb2 1/2-1/2


[Site "https://www.chess.com"]

[Event "Titled Tuesday Blitz November 15 Early 2022"]
[White "Pinheiro, Iung Alicio de O."]
[Black "Torres Dominguez, David"]
[WhiteFideId "2104350"]
[BlackFideId "2220857"]
[WhiteElo "2283"]
[BlackElo "2037"]
[Result "1-0"]
[Round "06"]
[TimeControl "180+1"]
[Date "2022.11.16"]
[WhiteClock "0:00:10"]
[BlackClock "0:00:04"]

1. e4 Nc6 2. Nf3 e5 3. Bc4 Bc5 4. c3 Nf6 5. d3 a6 6. a4 Ba7 7. O-O d6 8. Re1 h6 9. b4 O-O 10. h3 Ne7 11. Nbd2 Ng6 12. Nf1 Qe7 13. Be3 Nh5 14. Bxa7 Rxa7 15. d4 Nhf4 16. Ne3 c6 17. Kh2 Nh4 18. Ng1 Nhg6 19. g3 Ne6 20. Nf5 Qf6 21. Qd2 Nc7 22. Bd3 Ra8 23. Rad1 Rd8 24. Nf3 Ne7 25. Nxe7+ Qxe7 26. Bc2 Ne6 27. Kg2 Bd7 28. dxe5 1-0


[Site "https://www.chess.com"]

[Event "Titled Tuesday Blitz November 15 Early 2022"]
[White "Pino Perez, Lazaro"]
[Black "Winkels, Marcel"]
[WhiteFideId "3517055"]
[BlackFideId "1003887"]
[WhiteElo "2170"]
[BlackElo "1900"]
[Result "1-0"]
[Round "06"]
[TimeControl "180+1"]
[Date "2022.11.16"]
[WhiteClock "0:01:06"]
[BlackClock "0:00:02"]

1. d4 Nf6 2. Bf4 d5 3. e3 g6 4. Nf3 Bg7 5. Be2 O-O 6. O-O Nbd7 7. h3 c5 8. c3 Qb6 9. Qb3 c4 10. Qa3 Re8 11. b3 cxb3 12. axb3 Ne4 13. Nfd2 Ndf6 14. c4 Be6 15. c5 Qc7 16. Bxc7 Nxd2 17. Nxd2 Rac8 18. Bh2 b6 19. b4 bxc5 20. bxc5 Ra8 21. Bb5 Reb8 22. Bxb8 Rxb8 23. Rfb1 Bf5 24. Bd3 Rc8 25. Bxf5 gxf5 26. Qxa7 e6 27. Rb7 Rf8 28. Nf3 f4 29. Ne5 Ne4 30. Rxf7 Bxe5 31. Rxf8+ Kxf8 32. Qd7 fxe3 33. Ra8+ 1-0


[Site "https://www.chess.com"]

[Event "Titled Tuesday Blitz November 15 Early 2022"]
[White "Player, Edmund C"]
[Black "Kiseljova, Marya"]
[WhiteFideId "406520"]
[BlackFideId "4155009"]
[WhiteElo "2103"]
[BlackElo "1907"]
[Result "1-0"]
[Round "06"]
[TimeControl "180+1"]
[Date "2022.11.16"]
[WhiteClock "0:00:15"]
[BlackClock "0:00:01"]

1. e4 c5 2. Nf3 Nc6 3. Bb5 e5 4. O-O Bd6 5. c3 a6 6. Bxc6 dxc6 7. d4 cxd4 8. cxd4 exd4 9. Qxd4 Ne7 10. Nc3 O-O 11. Bg5 f6 12. Bh4 Be6 13. Rad1 Bc7 14. Bg3 Qc8 15. Bxc7 Qxc7 16. Qc5 Rad8 17. Nd4 Bf7 18. Nce2 Ng6 19. Qf5 Rfe8 20. Ng3 Bxa2 21. b3 Qb6 22. Ne6 Bxb3 23. Rxd8 Rxd8 24. Nxd8 Qxd8 25. Qf3 Bc4 26. Rd1 Qe7 27. Nf5 Qe8 28. Qg3 1-0


[Site "https://www.chess.com"]

[Event "Titled Tuesday Blitz November 15 Early 2022"]
[White "Potapova, Margarita"]
[Black "Langner, Ladislav"]
[WhiteFideId "14126869"]
[BlackFideId "300403"]
[WhiteElo "2272"]
[BlackElo "2346"]
[Result "0-1"]
[Round "06"]
[TimeControl "180+1"]
[Date "2022.11.16"]
[WhiteClock "0:00:43"]
[BlackClock "0:00:52"]

1. e4 c5 2. Nf3 e6 3. d4 cxd4 4. Nxd4 a6 5. Nc3 b5 6. Be2 Bb7 7. O-O b4 8. Na4 Bxe4 9. Re1 Nc6 10. Bh5 Nf6 11. Bg5 Bg6 12. Bf3 Nxd4 13. Bxa8 Nxc2 14. Qf3 Nxa1 15. Rxa1 Be7 16. h4 O-O 17. Bb7 Qa5 18. b3 d5 19. Rc1 h6 20. Bf4 Qb5 21. Bc6 Qa5 22. Bb7 Be4 23. Qe3 Qb5 24. Rc7 Bd8 25. Bc6 Qd3 26. Ra7 Qd1+ 27. Kh2 Ng4+ 0-1


[Site "https://www.chess.com"]

[Event "Titled Tuesday Blitz November 15 Early 2022"]
[White "Pranav, V"]
[Black "Maksimovic, Bojan"]
[WhiteFideId "25060783"]
[BlackFideId "14408120"]
[WhiteElo "2430"]
[BlackElo "2447"]
[Result "1-0"]
[Round "06"]
[TimeControl "180+1"]
[Date "2022.11.15"]
[WhiteClock "0:00:26"]
[BlackClock "0:00:02"]

1. e4 e5 2. Nf3 Nc6 3. Bc4 Bc5 4. c3 Nf6 5. d4 exd4 6. e5 d5 7. Bb5 Ne4 8. cxd4 Bb6 9. Nc3 O-O 10. h3 Ba5 11. Bd2 Nxd4 12. Nxd4 Nxd2 13. Qxd2 c5 14. Nb3 d4 15. Nxa5 Qxa5 16. Nd5 Qxb5 17. Nc7 Qc6 18. Nxa8 Qxg2 19. O-O-O Qc6 20. Qc2 Be6 21. Nc7 Qxc7 22. Rxd4 Qxe5 23. Re4 Qf6 24. Re3 Bxa2 25. Rd1 Be6 26. Rd2 b6 27. Qa4 g6 28. Qxa7 Bf5 29. Qa4 Qg5 30. Rg3 Qh6 31. Re3 Bxh3 32. Qc6 Bf5 33. Qxb6 Qh1+ 34. Rd1 Qg2 35. Rc3 Qg5+ 36. Re3 Re8 37. Re1 Rxe3 38. fxe3 Qg2 39. e4 Qg5+ 40. Kb1 Be6 41. Qd6 Qg3 42. Qxg3 1-0


[Site "https://www.chess.com"]

[Event "Titled Tuesday Blitz November 15 Early 2022"]
[White "Pultinevicius, Paulius"]
[Black "Mladenovic, Stefan"]
[WhiteFideId "12809390"]
[BlackFideId "942227"]
[WhiteElo "2493"]
[BlackElo "2337"]
[Result "0-1"]
[Round "06"]
[TimeControl "180+1"]
[Date "2022.11.15"]
[WhiteClock "0:00:12"]
[BlackClock "0:00:06"]

1. Nf3 Nf6 2. b3 e6 3. Bb2 d5 4. e3 Be7 5. c4 O-O 6. Nc3 c5 7. cxd5 Nxd5 8. Nxd5 Qxd5 9. Rc1 Nc6 10. Bc4 Qh5 11. O-O b6 12. Be2 Qg6 13. d4 Bb7 14. dxc5 Bxc5 15. a3 Rfd8 16. Qc2 Ne7 17. Qxg6 Nxg6 18. b4 Bd6 19. Nd4 Rac8 20. Nb5 Bb8 21. Bd4 Nh4 22. f3 Nf5 23. Rfd1 a6 24. Nc3 Nxd4 25. exd4 Bf4 26. Rc2 Be3+ 27. Kf1 Bxd4 28. Rdc1 Be3 29. Rd1 Rxd1+ 30. Bxd1 Bd4 31. Na4 Rxc2 32. Bxc2 Bc6 33. Ke2 Bxa4 34. Bxa4 Bb2 35. b5 a5 36. f4 Bxa3 37. g3 h6 38. Kd3 Kf8 39. Ke4 Ke7 40. g4 f6 41. f5 exf5+ 42. gxf5 Kd6 43. Kd4 Bb2+ 44. Kc4 Ke5 45. Bc2 Kf4 46. Kd5 a4 47. Bxa4 Kxf5 48. Bc2+ Kf4 49. Ke6 g5 50. Kf7 h5 51. Kg6 h4 52. Kh5 Bd4 53. h3 f5 54. Bd1 Be3 55. Be2 Kg3 56. Bd3 f4 57. Bf5 f3 58. Bg4 f2 59. Be2 Kxh3 60. Bf1+ Kg3 61. Kg6 h3 62. Kf5 h2 63. Ke4 h1=Q+ 64. Kxe3 Qxf1 65. Kd2 Qe1+ 66. Kd3 f1=Q+ 67. Kd4 Qf4+ 68. Kd5 Qee5+ 69. Kc6 Qd6+ 70. Kb7 Qc7+ 71. Ka6 Qa4# 0-1


[Site "https://www.chess.com"]

[Event "Titled Tuesday Blitz November 15 Early 2022"]
[White "Raahul V S"]
[Black "Sipila, Vilka"]
[WhiteFideId "25035525"]
[BlackFideId "505455"]
[WhiteElo "2233"]
[BlackElo "2347"]
[Result "0-1"]
[Round "06"]
[TimeControl "180+1"]
[Date "2022.11.16"]
[WhiteClock "0:00:08"]
[BlackClock "0:01:17"]

1. b3 d5 2. Bb2 Nf6 3. Nf3 Bf5 4. d3 e6 5. Nbd2 Be7 6. Nh4 Bg4 7. h3 Bh5 8. g4 Bg6 9. e3 c5 10. Bg2 Nc6 11. a3 Qc7 12. f4 d4 13. exd4 Qxf4 14. Qf3 Qc7 15. Nxg6 hxg6 16. dxc5 Bxc5 17. O-O-O O-O-O 18. Rhf1 Nd4 19. Bxd4 Bxd4 20. Nc4 Rd5 21. Qf4 e5 22. Qf3 b5 23. g5 bxc4 24. gxf6 cxb3 25. c4 Qa5 26. Qe2 Qc3+ 27. Kb1 Qa1# 0-1


[Site "https://www.chess.com"]

[Event "Titled Tuesday Blitz November 15 Early 2022"]
[White "Rakhmanov, Aleksandr"]
[Black "Gabdrakhmanov, Azat"]
[WhiteFideId "4173708"]
[BlackFideId "34189197"]
[WhiteElo "2530"]
[BlackElo "2254"]
[Result "1/2-1/2"]
[Round "06"]
[TimeControl "180+1"]
[Date "2022.11.16"]
[WhiteClock "0:00:06"]
[BlackClock "0:00:14"]

1. d4 Nf6 2. c4 g6 3. Nc3 Bg7 4. e4 O-O 5. h3 d6 6. Be3 e5 7. d5 Na6 8. g4 Nc5 9. f3 c6 10. Qd2 Bd7 11. Nge2 cxd5 12. cxd5 b5 13. Ng3 b4 14. Nd1 Qa5 15. Bc4 Bb5 16. Bxb5 Qxb5 17. Nf2 Rfc8 18. h4 b3 19. Qe2 Qa4 20. Qd1 Qa6 21. axb3 Qb5 22. Qe2 Qb4+ 23. Kf1 Nxb3 24. Rd1 Nd4 25. Bxd4 exd4 26. Kg2 Nd7 27. Nd3 Qb3 28. Rd2 Ne5 29. Nxe5 Bxe5 30. Rhd1 Rab8 31. Kh3 Bf4 32. Rxd4 Rc2 33. Qf1 Qxb2 34. Qh1 Qa2 35. Ra1 Qb2 36. Rda4 Qe5 37. Rg1 Rbb2 38. Rxa7 Qd4 39. Ra8+ Kg7 40. g5 Rh2+ 41. Qxh2 Rxh2+ 42. Kxh2 Qf2+ 43. Rg2 Qxf3 44. Kh3 Bxg3 45. Rxg3 Qxe4 46. Ra5 Qf5+ 47. Kg2 Qe4+ 48. Kh3 Qh1+ 49. Kg4 Qd1+ 50. Kh3 Qf1+ 51. Kh2 Qe2+ 52. Kh3 Qf1+ 53. Kh2 Qf2+ 54. Kh3 Qf1+ 1/2-1/2


[Site "https://www.chess.com"]

[Event "Titled Tuesday Blitz November 15 Early 2022"]
[White "Rakhmatullaev, Almas"]
[Black "Przybylski, Wojciech"]
[WhiteFideId "14205793"]
[BlackFideId "1117599"]
[WhiteElo "2221"]
[BlackElo "2221"]
[Result "1-0"]
[Round "06"]
[TimeControl "180+1"]
[Date "2022.11.16"]
[WhiteClock "0:00:46"]
[BlackClock "0:00:06"]

1. e4 e5 2. Nf3 Nc6 3. Bb5 Nf6 4. O-O Nxe4 5. d4 Nd6 6. Bxc6 dxc6 7. dxe5 Nf5 8. Qxd8+ Kxd8 9. h4 h6 10. Nc3 Be7 11. g3 Be6 12. Rd1+ Kc8 13. b3 Rd8 14. Bf4 b6 15. Rxd8+ Bxd8 16. Ne2 c5 17. c4 Kb7 18. Nc3 Nd4 19. Nxd4 cxd4 20. Nb5 d3 21. Rd1 Bf5 22. f3 Be7 23. Kf2 Rd8 24. Be3 c5 25. Nc3 Be6 26. Bf4 g5 27. hxg5 hxg5 28. Bc1 f6 29. exf6 Bxf6 30. Ne4 Bd4+ 31. Be3 Be5 32. Nxg5 Bf5 33. Nf7 Re8 34. Nxe5 Rxe5 35. g4 Bg6 36. f4 Re4 37. f5 Be8 38. g5 Re5 39. f6 Rf5+ 40. Kg3 Bg6 41. Rxd3 Kc6 42. Bf4 b5 43. Rd6+ Kb7 44. cxb5 c4 45. bxc4 Rc5 46. Rd7+ Kc8 47. Rg7 Bh5 48. f7 Bxf7 49. Rxf7 Rxc4 50. g6 1-0


[Site "https://www.chess.com"]

[Event "Titled Tuesday Blitz November 15 Early 2022"]
[White "Ravot, Sylvain"]
[Black "Tuleyeva-Aketayeva, Dana"]
[WhiteFideId "627763"]
[BlackFideId "13701932"]
[WhiteElo "2195"]
[BlackElo "2030"]
[Result "0-1"]
[Round "06"]
[TimeControl "180+1"]
[Date "2022.11.16"]
[WhiteClock "0:00:01"]
[BlackClock "0:00:02"]

1. e4 c5 2. Nf3 Nc6 3. Bb5 g6 4. Bxc6 dxc6 5. d3 Bg7 6. h3 Nf6 7. Nc3 O-O 8. O-O Nd7 9. Be3 b6 10. Nh2 e5 11. f4 exf4 12. Bxf4 Ne5 13. Nf3 Nxf3+ 14. Qxf3 Be6 15. Kh1 b5 16. Qg3 b4 17. Na4 Qa5 18. b3 Bxa1 19. Rxa1 f6 20. Bd6 Rf7 21. Bxc5 Rd8 22. Qe3 Qc7 23. Bxb4 Qe5 24. Bc3 Qh5 25. Nc5 Bc8 26. Rf1 Rd6 27. b4 Qg5 28. Qf3 a5 29. e5 Rd5 30. Ne4 Qf5 31. Qxf5 Bxf5 32. Nxf6+ Rxf6 33. exf6 axb4 34. Bxb4 Kf7 35. Kg1 Rb5 36. Bc3 Rb7 37. Bd4 Rb4 38. Bc3 Ra4 39. Ra1 Be6 40. a3 c5 41. Kf2 h5 42. Ke3 h4 43. Be5 g5 44. Bd6 c4 45. d4 c3 46. Bb4 Ra6 47. Kd3 Bf5+ 48. Kxc3 Kxf6 49. Bc5 Rc6 50. Kb4 Rc8 51. c3 Kg6 52. Kc4 Be4 53. a4 Bxg2 54. Rg1 Bxh3 55. a5 g4 56. a6 g3 57. a7 g2 58. Kb5 Kh5 59. Kb6 Rg8 60. d5 Bf5 61. d6 Be4 0-1


[Site "https://www.chess.com"]

[Event "Titled Tuesday Blitz November 15 Early 2022"]
[White "Ricaurte Lopez, Juan Carlos"]
[Black "Howell, David W L"]
[WhiteFideId "3600327"]
[BlackFideId "410608"]
[WhiteElo "2209"]
[BlackElo "2567"]
[Result "0-1"]
[Round "06"]
[TimeControl "180+1"]
[Date "2022.11.16"]
[WhiteClock "0:00:06"]
[BlackClock "0:00:24"]

1. e3 h6 2. f4 d5 3. Nf3 Bf5 4. b3 e6 5. Bb2 Nf6 6. Nc3 Be7 7. Bd3 c5 8. Bxf5 exf5 9. O-O Nc6 10. Nh4 g6 11. Nf3 O-O 12. Kh1 Re8 13. Ne2 Bf8 14. Ne5 Nxe5 15. Bxe5 Bg7 16. h3 Qd7 17. Qe1 Re6 18. Qh4 Rae8 19. g4 fxg4 20. hxg4 Rxe5 21. fxe5 Nxg4 22. Rf3 Nxe5 23. Rg3 Qf5 24. Rag1 Nf3 25. Qf4 Qh5+ 26. Kg2 Nxg1 27. Nxg1 Be5 28. Qf3 Bxg3 29. Qxh5 gxh5 30. Kxg3 Kg7 31. Nf3 Kf6 32. Nh4 Rg8+ 33. Kf2 Rg4 34. Ng2 Kg5 35. Nf4 Rxf4+ 36. exf4+ Kxf4 0-1


[Site "https://www.chess.com"]

[Event "Titled Tuesday Blitz November 15 Early 2022"]
[White "Rios Escobar, Adan"]
[Black "Rosh Jain"]
[WhiteFideId "3403645"]
[BlackFideId "25789465"]
[WhiteElo "2337"]
[BlackElo "2233"]
[Result "1-0"]
[Round "06"]
[TimeControl "180+1"]
[Date "2022.11.16"]
[WhiteClock "0:00:04"]
[BlackClock "0:00:01"]

1. d4 Nf6 2. g3 d5 3. c4 e6 4. Bg2 dxc4 5. Nf3 Nc6 6. O-O Bb4 7. Ne5 Nxe5 8. Qa4+ Nc6 9. Bxc6+ bxc6 10. Qxb4 Qxd4 11. Be3 Qd6 12. Bc5 Qd5 13. Nc3 Qf5 14. Qxc4 Nd7 15. Ba3 c5 16. e4 Qh5 17. Rad1 O-O 18. Qe2 Qxe2 19. Nxe2 Nf6 20. Bxc5 Re8 21. Nc3 Ba6 22. Rfe1 Ng4 23. f4 Rad8 24. h3 Nf6 25. Kf2 Bb7 26. Ke3 a6 27. g4 Nd7 28. Bb4 Nb6 29. b3 f6 30. Ba5 Kf7 31. Bxb6 cxb6 32. Na4 b5 33. Nc5 Bc8 34. b4 Ke7 35. e5 fxe5 36. fxe5 Rf8 37. Rf1 Rxd1 38. Rxd1 Rf7 39. Ne4 Rf8 40. Nd6 Rd8 41. Rc1 Bd7 42. Rc7 Ra8 43. Rb7 1-0


[Site "https://www.chess.com"]

[Event "Titled Tuesday Blitz November 15 Early 2022"]
[White "Rodriguez Santiago, Jaime"]
[Black "De Arruda, Leandro Formes"]
[WhiteFideId "3100898"]
[BlackFideId "22722009"]
[WhiteElo "2025"]
[BlackElo "1880"]
[Result "1-0"]
[Round "06"]
[TimeControl "180+1"]
[Date "2022.11.16"]
[WhiteClock "0:01:57"]
[BlackClock "0:01:38"]

1. c4 e6 2. e4 d5 3. exd5 exd5 4. cxd5 Qxd5 5. Nc3 Qe6+ 6. Be2 Nf6 7. Nf3 Bd6 8. O-O O-O 9. h3 Nc6 10. d4 Ne7 11. Re1 c6 12. Bg5 h6 13. Bd3 Qd7 14. Bxf6 gxf6 15. Ne4 Kg7 16. Nh4 Ng6 17. Qh5 Nf4 18. Qf3 Nxd3 19. Qxf6+ Kh7 20. Nxd6 Nxe1 21. Nhf5 Qxf5 22. Nxf5 Bxf5 23. Qxf5+ 1-0


[Site "https://www.chess.com"]

[Event "Titled Tuesday Blitz November 15 Early 2022"]
[White "Rohith Krishna S"]
[Black "Mouhamad, Joachim"]
[WhiteFideId "46617051"]
[BlackFideId "656410"]
[WhiteElo "2270"]
[BlackElo "2164"]
[Result "1-0"]
[Round "06"]
[TimeControl "180+1"]
[Date "2022.11.16"]
[WhiteClock "0:01:46"]
[BlackClock "0:00:31"]

1. d4 d5 2. c4 e6 3. Nc3 a6 4. cxd5 exd5 5. Bf4 Nf6 6. e3 c5 7. Nf3 c4 8. Be2 b5 9. O-O Bb7 10. h3 Nbd7 11. Ne5 Be7 12. Bf3 O-O 13. a4 b4 14. Ne2 Ne4 15. Bxe4 dxe4 16. Nxc4 Nf6 17. Bh2 a5 18. Rc1 Ba6 19. Re1 Rc8 20. Ne5 Qd5 21. Nf4 Qa2 22. Nc6 Bd8 23. b3 Bc7 24. Ne7+ Kh8 25. Nxc8 Rxc8 26. Rc2 Qa3 27. Qc1 Ne8 28. Qb1 Bxf4 29. Bxf4 Rxc2 30. Qxc2 h6 31. Qc6 1-0


[Site "https://www.chess.com"]

[Event "Titled Tuesday Blitz November 15 Early 2022"]
[White "Salinas Herrera, Pablo"]
[Black "Kamsky, Gata"]
[WhiteFideId "3407128"]
[BlackFideId "2000024"]
[WhiteElo "2557"]
[BlackElo "2666"]
[Result "1-0"]
[Round "06"]
[TimeControl "180+1"]
[Date "2022.11.15"]
[WhiteClock "0:00:28"]
[BlackClock "0:00:02"]

1. e4 e5 2. Nf3 Nc6 3. Bb5 a6 4. Ba4 Nf6 5. O-O Be7 6. d3 d6 7. c3 O-O 8. Re1 b5 9. Bc2 Bb7 10. Nbd2 Re8 11. h3 Bf8 12. a4 g6 13. Nf1 Bg7 14. Be3 d5 15. Qe2 b4 16. a5 h6 17. Ba4 Re6 18. Bb3 Re8 19. Ng3 Rb8 20. Bc5 bxc3 21. bxc3 Bc8 22. Qa2 Rb5 23. Bb4 Nxb4 24. cxb4 Rxb4 25. exd5 Bb7 26. d6 cxd6 27. Bxf7+ Kh7 28. Bxe8 Qxe8 29. Nd2 Qc6 30. Nde4 d5 31. Rac1 Qd7 32. Nc5 Qd6 33. Nxb7 Rxb7 34. Qa4 Rb5 35. Rb1 Rc5 36. Rb6 Qc7 37. Rxa6 h5 38. Rb6 h4 39. Nf1 e4 40. dxe4 Nxe4 41. Rxe4 dxe4 42. Qxe4 1-0


[Site "https://www.chess.com"]

[Event "Titled Tuesday Blitz November 15 Early 2022"]
[White "Salman, Pavel"]
[Black "Shapiro, Daniel"]
[WhiteFideId "24153753"]
[BlackFideId "2001780"]
[WhiteElo "2187"]
[BlackElo "2295"]
[Result "0-1"]
[Round "06"]
[TimeControl "180+1"]
[Date "2022.11.16"]
[WhiteClock "0:00:10"]
[BlackClock "0:00:16"]

1. d4 Nf6 2. Nc3 d5 3. Bf4 c6 4. e3 g6 5. f3 Qa5 6. Qd2 Bg7 7. g4 h5 8. g5 Nfd7 9. O-O-O b5 10. Kb1 Qd8 11. e4 b4 12. Na4 a5 13. Ne2 Ba6 14. Ng3 O-O 15. Be3 e5 16. exd5 cxd5 17. dxe5 Nxe5 18. Qxd5 Qxd5 19. Rxd5 Bb7 20. Rb5 Bxf3 21. Rg1 Nbd7 22. Nb6 Rad8 23. Bh3 Nxb6 24. Bxb6 Rb8 25. Re1 Nc4 26. Rxa5 Rxb6 27. Ra7 Bxb2 28. Bf1 Bc3 29. Ree7 Na3+ 30. Kc1 Rd6 31. Bd3 Bd4 32. Kd2 Bxa7 33. Rxa7 Nc4+ 34. Ke1 Ne5 35. Bb5 Rfd8 36. Kf2 Bg4 37. Ke3 Nf3 38. h3 Re6+ 39. Ne4 Bf5 40. Kxf3 Bxe4+ 41. Kf4 Bxc2 42. Bc4 Rd4+ 43. Kg3 Rxc4 44. Ra8+ Kg7 45. Rb8 Re3+ 46. Kf2 Rxh3 47. Ke2 Rg4 48. a3 Rg2+ 49. Kf1 Be4 0-1


[Site "https://www.chess.com"]